 Dungeon Crawl Stone Soup version 0.29-a0-333-gb4c28e87c6 (webtiles) character file.

Game seed: 16738727126709803727

516 Jortsu the Chopper (level 7, 39/54 HPs)
             Began as a Demonspawn Fighter on Apr 13, 2022.
             Was a Believer of Wu Jian.
             Quit the game on level 3 of the Dungeon.
             The game lasted 00:04:15 (2694 turns).

Jortsu the Chopper (Demonspawn Fighter)             Turns: 2694, Time: 00:04:16

Health: 39/54      AC: 11    Str: 18    XL:     7   Next: 0%
Magic:  7/7        EV:  7    Int: 10    God:    Wu Jian [**....]
Gold:   103        SH:  4    Dex: 12    Spells: 6/6 levels left

rFire   . . .      SeeInvis .   a - +0 war axe
rCold   . . .      Faith    .   c - +0 buckler
rNeg    . . .      Spirit   .   f - +0 chain mail
rPois   .          Reflect  .   (no helmet)
rElec   .          Harm     .   (no cloak)
rCorr   .          Rampage  .   j - +0 pair of gloves
Will    .....                   e - +0 pair of boots
Stlth   ..........              (no amulet)
HPRegen 0.18/turn               (no ring)
MPRegen 0.10/turn               (no ring)

@: no status effects
A: claws 2, powered by pain 1, sanguine armour 1
a: Renounce Religion, Wall Jump


You were on level 3 of the Dungeon.
You worshipped Wu Jian.
Wu Jian was pleased with you.
You visited 1 branch of the dungeon, and saw 3 of its levels.

You collected 103 gold pieces.

Inventory:

Hand Weapons
 a - a +0 war axe (weapon)
Armour
 c - a +0 buckler (worn)
 e - a +0 pair of boots (worn)
 f - a +0 chain mail (worn)
 j - a +0 pair of gloves (worn)
Jewellery
 g - a ring of fire
 h - an amulet of faith
Scrolls
 b - a scroll of teleportation
 l - a scroll of enchant armour {unknown}
Potions
 d - a potion of magic {unknown}
 i - 3 potions of lignification
 k - a potion of brilliance {unknown}


   Skills:
 + Level 4.2 Fighting
 + Level 5.0 Axes
 + Level 3.8 Armour
 + Level 1.6 Dodging
 + Level 0.1 Stealth
 + Level 3.2 Shields


You had 6 spell levels left.
You didn't know any spells.
Your spell library contained the following spells:

 Spells                   Type           Power      Damage    Failure   Level
 Corpse Rot               Necr/Air       0%         N/A       100%        2
 Dispel Undead            Necr           0%         3d6       100%        4
 Death Channel            Necr           0%         N/A       100%        6


Dungeon Overview and Level Annotations

Branches:
Dungeon (3/15)

Altars:
Nemelex Xobeh
Wu Jian


Innate Abilities, Weirdness & Mutations

You have very sharp fingernails.
You sometimes gain a little power by taking damage.
When seriously injured, your blood forms armour. (AC +0)


Message History

The gnoll shouts!
You block the gnoll's attack.
You barely miss the gnoll. The gnoll barely misses you.
You hit the gnoll.
The gnoll is heavily wounded.
The gnoll completely misses you. The gnoll closely misses you.
You hit the gnoll.
The gnoll is heavily wounded.
The gnoll hits you with a +0 flail. The gnoll hits you but does no damage.
You closely miss the gnoll.
The gnoll is heavily wounded.
The gnoll hits you but does no damage. You block the gnoll's attack.
The gnoll hits you but does no damage. You block the gnoll's attack.
You slash the gnoll!
You kill the gnoll!
The Council accepts your kill.
The giant cockroach bites you but does no damage.
You block the gnoll's attack.
Your life force feels restored.
Your Axes skill increases to level 5!
You have reached level 7!
Your demonic ancestry asserts itself...
You feel energised by your suffering.
You slash the giant cockroach!
You kill the giant cockroach!
The Council accepts your kill. You block the gnoll's attack.
You lunge at the gnoll, but your attack speed is too slow for a blow to land.
The gnoll barely misses you.
There is a stone staircase leading up, spattered with blood here.
Things that are here:
a +0 flail; a giant cockroach corpse You completely miss the gnoll.
The gnoll hits you with a +0 halberd.
You barely miss the gnoll. The gnoll hits you with a +0 halberd.
The gnoll barely misses you.
You closely miss the gnoll. The gnoll hits you with a +0 halberd.
You hit the gnoll.
The gnoll is moderately wounded.
The gnoll hits you with a +0 halberd.
Are you sure you want to abandon this character and quit the game? (Confirm with "yes".)

.># #># #.#
############
#############.#
...........#
#..........##.#####
########.#.#
#.#######.........#
# #.#.# #.# ##
#.#######.# # #.#.#
#)##.## #.# #.## #
#.#.# #..@g.# #.#
#... # ##.#.#
####.## #.# ####
#....# #.# #.# #
#.[..# #.# #.#### #
#..[[# #.# #....# #
###..#
###.#######.# #
#..# #.....# #.# #
#..# ##.....#####.#
# ####..#
#..........#.# #


You could see a gnoll.

Vanquished Creatures
  Sigmund (D:2)
  The ghost of ouz the Sneak, an amateur OpBr (D:3)
  2 orc priests (D:3)
  Jessica (D:2)
  2 orc wizards (D:3)
  3 gnolls
  4 adders
  An ufetubus (D:3)
  A worm (D:3)
  A dart slug (D:2)
  2 orcs (D:3)
  5 ball pythons
  8 endoplasms
  5 giant cockroaches
  5 goblins
  2 hobgoblins
  2 quokkas
  5 bats
  3 frilled lizards
  7 kobolds
  6 rats
67 creatures vanquished.

Notes
Turn   | Place    | Note
-------+----------+-------------------------------------------
     0 | D:1      | Jortsu the Demonspawn Fighter began the quest for the Orb.
     0 | D:1      | Reached XP level 1. HP: 18/18 MP: 1/1
   107 | D:1      | Gained mutation: When seriously injured, your blood forms
                  | armour. (AC +0) [demonic ancestry]
   107 | D:1      | Reached XP level 2. HP: 21/24 MP: 2/2
   307 | D:1      | Reached skill level 2 in Axes
   470 | D:1      | Reached XP level 3. HP: 29/29 MP: 3/3
   769 | D:2      | Found a faded altar of an unknown god.
   782 | D:2      | Prayed at the altar of an unknown god.
   782 | D:2      | Became a worshipper of the Wu Jian Council
   782 | D:2      | Reached * piety under Wu Jian
  1215 | D:2      | Noticed Sigmund
  1225 | D:2      | Killed Sigmund
  1226 | D:2      | Reached skill level 3 in Axes
  1226 | D:2      | Reached XP level 4. HP: 19/37 MP: 4/4
  1226 | D:2      | Gained mutation: You have sharp fingernails. [demonic
                  | ancestry]
  1226 | D:2      | Reached XP level 5. HP: 21/42 MP: 5/5
  1406 | D:2      | Reached skill level 4 in Axes
  1508 | D:2      | Noticed Jessica
  1514 | D:2      | Killed Jessica
  1774 | D:3      | Reached skill level 1 in Dodging
  1774 | D:3      | Gained mutation: You have very sharp fingernails. [demonic
                  | ancestry]
  1774 | D:3      | Reached XP level 6. HP: 30/48 MP: 6/6
  2269 | D:3      | Reached ** piety under Wu Jian
  2372 | D:3      | Found a sparkling altar of Nemelex Xobeh.
  2411 | D:3      | Found a runed translucent door.
  2416 | D:3      | Noticed ouz's ghost (amateur OpBr)
  2428 | D:3      | Killed ouz's ghost
  2688 | D:3      | Reached skill level 5 in Axes
  2688 | D:3      | Gained mutation: You sometimes gain a little power by
                  | taking damage. [demonic ancestry]
  2688 | D:3      | Reached XP level 7. HP: 45/54 MP: 7/7
  2694 | D:3      | Quit the game

Illustrated notes

Levels and vault maps discovered:
D:1:      evilmike_arrival_hilbert_curve, layout_rooms
D:2:      layout_basic, hellmonk_ecumenical_altar_zigzags, uniq_jessica,
          uniq_sigmund
D:3:      layout_loops_ring, nemelex_xobeh_ov_fountains_minmay,
          ebering_ghost_reflecting_pool, kennysheep_generic_room_8

Skill      XL: |  1  2  3  4  5  6 |
---------------+-------------------+-----
Armour         | 3 |  3.8
Axes           | 2 3 4 5 |  5.0
Shields        | 3 |  3.2
Fighting       | 4 |  4.2
Dodging        | 1 |  1.6
Stealth        | |  0.1

Action                   |  1- 3 |  4- 6 |  7- 9 || total
-------------------------+-------+-------+-------++-------
Melee: War axe           |    72 |   119 |     5 ||   196
Invok: Lunge             |     3 |     5 |       ||     8
       Whirlwind         |       |     5 |       ||     5
  Use: Scroll            |     2 |     1 |       ||     3
       Potion            |     1 |       |       ||     1
Armor: Scale mail        |    37 |    66 |       ||   103
       Chain mail        |       |    15 |       ||    15
Dodge: Dodged            |    25 |    58 |     2 ||    85
Block: Buckler           |    12 |    31 |     1 ||    44

Table legend: (Time is in decaauts)
 A = Elapsed time spent in this place.
 B = Non-inter-level travel time spent in this place.
 C = Inter-level travel time spent in this place.
 D = Time resting spent in this place.
 E = Time spent auto-exploring this place.
 F = Levels seen in this place.
 G = Mean time per level.
                   A        B        C        D        E       F      G
               +--------+--------+--------+--------+--------+-----+--------+
         Total |   2764 |   2723 |     41 |    241 |   1833 |   3 |  921.3 |
       Dungeon |   2764 |   2723 |     41 |    241 |   1833 |   3 |  921.3 |
               +--------+--------+--------+--------+--------+-----+--------+

Top non-repeatable levels by time:
     D:3: 1001 daAuts
     D:2: 998 daAuts
     D:1: 764 daAuts
